 Dungeon Crawl Stone Soup version 0.30-b1-5-g8e6c1be481 (webtiles) character file.

Game seed: 15719746092291772745

98 safid the Chiller (level 4, -4/32 HPs)
             Began as a Merfolk Ice Elementalist on May 3, 2023.
             Slain by Grinder (9 damage)
             ... on level 4 of the Dungeon.
             The game lasted 00:04:37 (2768 turns).

safid the Chiller (Merfolk Ice Elementalist)        Turns: 2768, Time: 00:04:39

Health: -4/32      AC:  8    Str:  8    XL:     4   Next: 69%
Magic:  2/8        EV: 12    Int: 16    God:
Gold:   157        SH:  9    Dex: 14    Spells: 1/8 levels left

rFire   . . .        f - +3 dagger
rCold   . . .        l - +0 buckler
rNeg    . . .        a - +0 robe
rPois   .            (no helmet)
rElec   .            (no cloak)
rCorr   .            (no gloves)
SInv    .            (no boots)
Will    .....        j - amulet of reflection
Stlth   ++           (no ring)
HPRegen 0.25/turn    (no ring)
MPRegen 0.11/turn

%: reflection
@: ice-armoured, freezing walls
A: (nimble swimmer 2), mertail
a: no special abilities


You were on level 4 of the Dungeon.
You visited 1 branch of the dungeon, and saw 4 of its levels.

You collected 157 gold pieces.

Inventory:

Hand Weapons
 f - a +3 dagger (weapon)
Armour
 a - a +0 robe (worn)
 l - a +0 buckler (worn)
Jewellery
 j - an amulet of reflection (around neck)
Wands
 m - a wand of digging (8)
 n - a wand of roots (4)
Scrolls
 e - 2 scrolls of teleportation {unknown}
 g - 7 scrolls of identify {unknown}
 i - a scroll of enchant weapon {unknown}
 k - a scroll of immolation {unknown}
Potions
 b - a potion of magic
 c - a potion of might {unknown}
 d - a potion of flight {unknown}
 h - a potion of heal wounds {unknown}


   Skills:
 * Level 1.6 Fighting
 - Level 1.0 Short Blades
 - Level 2.6 Dodging
 - Level 2.1 Stealth
 * Level 0.7 Shields
 + Level 2.6 Spellcasting
 + Level 5.4 Ice Magic


You had one spell level left.
You knew the following spells:

 Your Spells              Type           Power      Damage    Failure   Level
a - Freeze                Ice            76%        1d8       3%          1
b - Frozen Ramparts       Ice            38%        1d6       10%         3
c - Ozocubu's Armour      Ice            19%        N/A       10%         3

Your spell library contained the following spells:

 Spells                   Type           Power      Damage    Failure   Level
 Summon Ice Beast         Ice/Summ       10%        N/A       71%         4


Dungeon Overview and Level Annotations

Branches:
Dungeon (4/15)
 Temple: D:4-7

Altars:
Gozag
Trog
Uskayaw

Shops:
D:2 :

Annotations:
D:4 Grinder


Innate Abilities, Weirdness & Mutations

((You are very nimble when in or above water. (Stealth+, EV+, Speed+++)))
Your lower body shifts to a powerful aquatic tail in water.


Message History

Unknown command.
Unknown command.
Unknown command.
You block Grinder's attack.
Casting: Freeze (safe; 3% risk of failure)
Confirm with . or Enter, or press ? or * to list all spells.
The spell is quite dangerous to miscast (10% risk of failure)!
Continue anyway? [Y]es or [N]o only, please.
The spell is quite dangerous to miscast (10% risk of failure)!
Continue anyway?
Okay, then.
Casting: Frozen Ramparts (quite dangerous; 10% risk of failure)
Confirm with . or Enter, or press ? or * to list all spells.
The spell is quite dangerous to miscast (10% risk of failure)!
Continue anyway? [Y]es or [N]o only, please.
The spell is quite dangerous to miscast (10% risk of failure)!
Continue anyway?
Casting: Frozen Ramparts (quite dangerous; 10% risk of failure)
Press: ? - help, Dir - look around, f - activate The walls around you are covered in ice.
The wall freezes the orc.
The wall freezes something.
Something hits you. Grinder hits you.
You writhe in agony.
* * * LOW HITPOINT WARNING * * *
Unknown command.
Casting: Frozen Ramparts (quite dangerous; 10% risk of failure)
Confirm with . or Enter, or press ? or * to list all spells.
The spell is quite dangerous to miscast (10% risk of failure)!
Continue anyway? [Y]es or [N]o only, please.
The spell is quite dangerous to miscast (10% risk of failure)!
Continue anyway?
A film of ice covers your body!
The wall freezes the orc.
You kill the orc!
The wall freezes something.
Something hits you but does no damage. Grinder barely misses you.
Unknown command.
Unknown command.
You hit Grinder.
Grinder is lightly wounded.
The wall freezes the orc.
You block the orc's attack.
The wall freezes something.
Something hits you.
* * * LOW HITPOINT WARNING * * *
Grinder hits you!
You die...

...............
#.....?.......#
#............#
#............#
#............#
#............#
##............#
#.....{o5.....#
#.....#@)...###
##.....####### #......#
#### ##......# ######..###
###
#.......####.........###[#
#.......##............#.##
#.......#...............#
##.......................#
#........................#


You could see Grinder and an orc.

Vanquished Creatures
  Ijyb (D:3)
  An adder (D:2)
  3 worms
  A dart slug (D:3)
  2 orcs
  3 endoplasms
  2 giant cockroaches
  8 hobgoblins
  A quokka (D:3)
  3 ball pythons
  7 bats
  3 frilled lizards (D:3)
  4 goblins
  7 kobolds
  5 rats
51 creatures vanquished.

Notes
Turn   | Place    | Note
-------+----------+-------------------------------------------
     0 | D:1      | safid the Merfolk Ice Elementalist began the quest for the
                  | Orb.
     0 | D:1      | Reached XP level 1. HP: 13/13 MP: 3/3
   359 | D:1      | Reached XP level 2. HP: 10/19 MP: 3/5
   525 | D:1      | Reached skill level 5 in Ice Magic
   729 | D:2      | Reached XP level 3. HP: 24/25 MP: 2/6
   834 | D:2      | Reached skill level 1 in Fighting
   893 | D:2      | Found Wuzixir's Vocational Training.
  1538 | D:3      | Reached skill level 1 in Short Blades
  1726 | D:3      | Reached XP level 4. HP: 32/32 MP: 3/7
  1730 | D:3      | Learned a level 3 spell: Frozen Ramparts
  1734 | D:3      | Learned a level 3 spell: Ozocubu's Armour
  1793 | D:3      | Noticed Ijyb
  1803 | D:3      | Killed Ijyb
  2255 | D:3      | Found a bloodstained altar of Trog.
  2256 | D:3      | Found an opulent altar of Gozag.
  2382 | D:4      | Identified the +2 plate armour of a treasure trove {rF+}
  2651 | D:4      | Noticed a +0 dagger
  2651 | D:4      | Noticed a +0 dagger
  2655 | D:4      | Found a hide-covered altar of Uskayaw.
  2762 | D:4      | Noticed Grinder
  2768 | D:4      | Slain by Grinder

Illustrated notes

Levels and vault maps discovered:
D:1:      lightli_arrival_lavapool, layout_rooms, minmay_misc_feat_alley,
          chequers_mini_garden
D:2:      layout_loops_ring, nicolae_shop_vocational
D:3:      layout_loops_cross, gammafunk_temple_overflow_pools, st_stairs_6,
          hangedman_decor_peaks_small, uniq_ijyb
D:4:      layout_cave_pods, dancing_weapons_uskayaw,
          mainiacjoe_overflow_small_starburst, kennysheep_generic_room_13,
          uniq_grinder

Skill      XL: |  1  2  3 |
---------------+----------+-----
Ice Magic      | 5 |  5.4
Fighting       | 1 |  1.6
Short Blades   | 1 |  1.0
Dodging        | |  2.6
Stealth        | |  2.1
Shields        | |  0.7
Spellcasting   | |  2.6

Action                     |  1- 3 |  4- 6 || total
---------------------------+-------+-------++-------
  Melee: Dagger            |    79 |    15 ||    94
         Punch             |     2 |       ||     2
   Cast: Freeze            |    25 |    10 ||    35
         Frozen Ramparts   |       |     2 ||     2
         Ozocubu's Armour  |       |     1 ||     1
   Stab: Sleeping          |     3 |     1 ||     4
 Armour: Robe              |    15 |     4 ||    19
  Dodge: Dodged            |    62 |     5 ||    67
  Block: Buckler           |       |    12 ||    12
